AoeStats
← harris

Black Forest

509539908Analyzed
4v4 RM · 6d ago on Sep 27, 2026· 64m 10s· 8 players
Game mode
Random Map
Map size
Large (8 player)
Population
200
Speed
Normal
Resources
Standard
Victory
Conquest
Starting age
Dark Age
Ending age
Imperial Age
RankedLock teamsTeams togetherTeam positionsShared explorationLock speedFull tech treeHidden civsTurbo modeCheats
Victory
Defeat
🇨🇳 Poles · China
1205
+16
🇨🇱 Dravidians · Chile
1170
+17
🇺🇸 Teutons · United States
1149
+18
🇺🇸 Varangians · United States
1131
+19
🇳🇿 Bohemians · New Zealand
1237
-19
🇨🇳 Celts · China
1201
-18
🇷🇺 Cumans · Russia
1198
-18
🇳🇿 Aztecs · New Zealand
1141
-15
Bubble Formation
8:36 Loom
11:01 Feudal Age
12:30 Double-Bit Axe
18:09 Castle Age
19:03 Fishing Lines
20:23 Bow Saw
20:37 Horse Collar
20:59 Gillnets
24:01 Wheelbarrow
25:40 Forging
27:27 Iron Casting
27:12 Hand Cart
32:08 Imperial Age
29:56 Heavy Plow
31:28 Gambesons
31:45 Squires
31:32 Arson
31:56 Gold Mining
32:25 Town Watch
32:35 Elite Varangian Guard
33:36 Scale Mail Armor
34:39 Chain Mail Armor
35:24 Blast Furnace
35:15 Gothikon
37:08 Chain Mail Armor
37:54 Blast Furnace
38:31 Plate Mail Armor
38:27 Town Patrol
38:36 Fletching
39:58 Pikeman
41:12 Stone Mining
41:46 Halberdier
44:25 Stone Mining
44:25 Onager
44:38 Light Cavalry
45:32 Bloodlines
45:24 Husbandry
51:59 Conscription
53:21 Caravan
54:57 Conscription
harris
10:08 Feudal Age
14:24 Castle Age
12:44 Double-Bit Axe
13:21 Horse Collar
19:25 Wheelbarrow
19:35 Heavy Plow
21:21 Hand Cart
23:44 Gold Mining
24:27 Forging
24:23 Scale Barding Armor
25:57 Bloodlines
30:31 Imperial Age
28:23 Bow Saw
29:16 Iron Casting
29:02 Chain Barding Armor
30:37 Stone Mining
32:13 Two-Man Saw
32:13 Crop Rotation
31:55 Guilds
32:50 Blast Furnace
32:13 Cavalier
34:11 Plate Barding Armor
34:40 Paladin
38:12 Pikeman
38:52 Squires
38:58 Halberdier
39:52 Scale Mail Armor
42:27 Chain Mail Armor
47:13 Plate Mail Armor
49:43 Stone Shaft Mining
51:10 Conscription
51:12 Crenellations
52:05 Fletching
56:33 Bodkin Arrow
57:41 Chemistry
57:02 Ballistics
fat_dgk
6:36 Loom
9:54 Feudal Age
11:23 Double-Bit Axe
15:31 Man-at-Arms
24:45 Castle Age
23:20 Fletching
24:06 Padded Archer Armor
24:33 Horse Collar
24:56 Fishing Lines
26:54 Bodkin Arrow
28:06 Leather Archer Armor
34:07 Wheelbarrow
37:19 Imperial Age
37:38 Thumb Ring
38:04 Ballistics
38:06 Medical Corps
38:58 Squires
38:44 Gambesons
38:47 Elite Elephant Archer
40:38 Bracer
41:09 Ring Archer Armor
43:57 Chemistry
46:53 Scale Barding Armor
46:58 Forging
47:57 Conscription
47:58 Hand Cart
47:58 Elite Skirmisher
48:49 Gillnets
49:59 Scale Mail Armor
50:22 Chain Barding Armor
51:09 Iron Casting
50:33 Siege Elephant
52:50 Devotion
55:25 Caravan
57:25 Blast Furnace
56:43 Masonry
relax
0:31 Loom
12:39 Feudal Age
13:25 Double-Bit Axe
16:46 Castle Age
15:04 Scale Barding Armor
17:26 Forging
18:06 Wheelbarrow
18:10 Bloodlines
19:01 Bow Saw
20:00 Horse Collar
21:39 Heavy Plow
23:20 Hand Cart
25:41 Gold Mining
30:22 Imperial Age
28:04 Stone Mining
28:57 Bloodlines
28:48 Husbandry
29:13 Chain Barding Armor
28:42 Town Watch
28:43 Light Cavalry
30:24 Iron Casting
31:28 Stone Shaft Mining
31:47 Crop Rotation
32:28 Blast Furnace
31:21 Winged Hussar
32:42 Caravan
32:13 Cavalier
33:10 Szlachta Privileges
33:52 Conscription
42:04 Lechitic Legacy
60:03 Fletching
59:50 Sappers
60:58 Hoardings
MarshalOfNewZealand
2:27 Loom
13:00 Feudal Age
13:59 Double-Bit Axe
19:11 Castle Age
16:56 Fishing Lines
17:01 Horse Collar
20:03 Wheelbarrow
20:14 Bow Saw
21:09 Heavy Plow
23:13 Fervor
23:53 Hand Cart
25:04 Gillnets
25:13 Arson
30:25 Imperial Age
27:41 Town Watch
27:44 Gambesons
28:00 Squires
28:47 Gold Mining
29:10 Forging
29:01 Scale Mail Armor
29:20 Devotion
29:42 Sanctity
29:10 Man-at-Arms
30:24 Caravan
31:54 Conscription
30:57 Long Swordsman
31:52 Fortified Wall
32:56 Garland Wars
33:26 Chain Mail Armor
34:10 Iron Casting
34:11 Block Printing
34:23 Illumination
33:56 Pikeman
34:06 Elite Skirmisher
36:06 Chemistry
35:26 Ballistics
35:15 Padded Archer Armor
35:10 Elite Jaguar Warrior
35:13 Capped Ram
36:14 Fletching
37:26 Blast Furnace
36:50 Atlatl
36:24 Siege Ram
36:28 Eagle Warrior
36:34 Two-Handed Swordsman
37:47 Leather Archer Armor
37:31 Bodkin Arrow
38:17 Siege Engineers
38:02 Champion
39:33 Elite Eagle Warrior
40:27 Bracer
41:02 Plate Mail Armor
43:56 Theocracy
43:17 Herbal Medicine
43:36 Redemption
43:28 Atonement
46:23 Faith
46:27 Heresy
47:46 Onager
49:02 Siege Onager
[OTM]thebearjew
5:06 Loom
10:18 Feudal Age
12:56 Wheelbarrow
16:43 Castle Age
15:37 Double-Bit Axe
16:24 Horse Collar
16:31 Fishing Lines
19:17 Bow Saw
19:36 Heavy Plow
28:47 Imperial Age
27:12 Hand Cart
26:40 Pikeman
27:20 Squires
28:47 Chemistry
28:30 Scale Mail Armor
28:21 Fletching
28:58 Halberdier
32:41 Two-Man Saw
32:00 Forging
32:53 Conscription
34:38 Siege Engineers
35:08 Ballistics
38:03 Houfnice
39:25 Chain Mail Armor
39:15 Padded Archer Armor
39:32 Arson
44:53 Caravan
46:14 Plate Mail Armor
46:20 Iron Casting
45:41 Bodkin Arrow
46:02 Leather Archer Armor
45:56 Wagenburg Tactics
62:12 Blast Furnace
61:13 Bracer
61:44 Ring Archer Armor
Sunny
11:30 Feudal Age
12:40 Double-Bit Axe
15:16 Castle Age
16:47 Bow Saw
19:01 Horse Collar
21:09 Wheelbarrow
22:27 Heavy Plow
24:15 Hand Cart
23:47 Loom
24:49 Gold Mining
24:49 Stone Mining
26:54 Stone Shaft Mining
26:55 Gold Shaft Mining
29:37 Imperial Age
28:38 Ballistics
30:10 Scale Mail Armor
30:20 Forging
29:49 Heavy Scorpion
31:32 Chemistry
30:38 Siege Engineers
30:48 Furor Celtica
30:59 Conscription
31:57 Capped Ram
32:58 Siege Ram
37:27 Fletching
41:14 Chain Mail Armor
41:34 Iron Casting
43:08 Plate Mail Armor
44:17 Blast Furnace
42:58 Pikeman
43:23 Gambesons
43:26 Arson
46:51 Halberdier
49:17 Caravan
51:13 Stronghold
51:34 Onager
impossible
7:24 Loom
9:45 Feudal Age
23:56 Double-Bit Axe
23:54 Horse Collar
24:20 Gold Mining
27:01 Castle Age
25:09 Stone Mining
28:02 Wheelbarrow
28:21 Bow Saw
31:46 Hand Cart
31:22 Town Watch
35:23 Imperial Age
33:36 Heavy Plow
34:22 Gold Shaft Mining
35:45 Forging
35:40 Scale Barding Armor
35:49 Masonry
35:57 Steppe Husbandry
37:05 Conscription
37:51 Two-Man Saw
37:27 Crop Rotation
38:46 Bloodlines
38:02 Cavalier
39:55 Iron Casting
40:31 Fletching
40:42 Padded Archer Armor
41:12 Ballistics
41:56 Chemistry
42:46 Blast Furnace
42:07 Chain Barding Armor
41:42 Bodkin Arrow
43:26 Paladin
45:17 Leather Archer Armor
44:32 Elite Kipchak
47:19 Light Cavalry
48:45 Hoardings
48:42 Hussar
49:42 Caravan
52:44 Plate Barding Armor
52:41 Ring Archer Armor
54:24 Scale Mail Armor
54:30 Squires
53:51 Pikeman
56:21 Halberdier
56:48 Arson
59:16 Cuman Mercenaries
63:06 Chain Mail Armor
Connection lost

Rejoining the realm…

Still unreachable

The connection could not be restored.

Session expired

The server has moved on; the page needs a fresh start.